[Event "Titled Tuesday Blitz November 07 Early 2023"]
[White "Steinberg, Nitzan"]
[Black "Principe, Alexander"]
[WhiteFideId "2801795"]
[BlackFideId "3804542"]
[WhiteElo "2886"]
[BlackElo "2692"]
[Result "1-0"]
[Round "3"]
[TimeControl "180+1"]
[Date "2023.11.07"]
[WhiteClock "0:00:03"]
[BlackClock "0:00:00"]
[Board "27"]

1. Nf3 Nf6 2. g3 g6 3. Bg2 Bg7 4. O-O O-O 5. d3 d6 6. Nbd2 Nbd7 7. e4 c6 8. Re1 Qc7 9. Nf1 e5 10. h4 d5 11. a4 Re8 12. a5 dxe4 13. dxe4 Nc5 14. N3d2 Bg4 15. f3 Be6 16. b4 Na6 17. c3 Rad8 18. Qe2 Bh6 19. Nb3 Bxc1 20. Nxc1 Nh5 21. Qf2 Qe7 22. Qxa7 Bc4 23. Ne3 Be6 24. Nf1 Bc4 25. Ne2 g5 26. hxg5 Qxg5 27. Qf2 Rd3 28. Rad1 Red8 29. Rxd3 Rxd3 30. f4 Qg7 31. Ne3 exf4 32. gxf4 Be6 33. f5 Bd7 34. Rd1 Rxd1+ 35. Nxd1 Qe5 36. Bf3 Nf6 37. Qg3+ Qxg3+ 38. Nxg3 Nc7 39. Kf2 Nb5 40. Ke3 Bc8 41. c4 Na3 42. Kd4 Nd7 43. Kc3 Nxc4 44. Kxc4 Ne5+ 45. Kc5 Nxf3 46. Kd6 h5 47. Nxh5 Ng5 48. Kc7 1-0


[Site "https://www.chess.com"]

[Event "Titled Tuesday Blitz November 07 Early 2023"]
[White "Malek, Jan"]
[Black "Mitrabha, Guha"]
[WhiteFideId "21864080"]
[BlackFideId "5057000"]
[WhiteElo "2685"]
[BlackElo "2886"]
[Result "1-0"]
[Round "3"]
[TimeControl "180+1"]
[Date "2023.11.07"]
[WhiteClock "0:01:14"]
[BlackClock "0:01:27"]
[Board "28"]

1. c4 g6 2. d4 Bg7 3. Nf3 c5 4. d5 b5 5. cxb5 a6 6. e3 Nf6 7. Nc3 O-O 8. a4 d6 9. Bd2 axb5 10. Bxb5 Ba6 11. O-O Nbd7 12. Qe2 Ne8 13. Bxa6 Nc7 14. Bc4 Qb8 15. Nb5 Na6 16. Bc3 f6 17. e4 Nb6 18. Nd2 Qb7 19. h4 h5 20. g4 hxg4 21. Qxg4 Kh7 22. h5 gxh5 23. Qxh5+ Bh6 24. Kh1 Rg8 25. Rg1 Nb4 26. Bxb4 cxb4 27. Bd3 e5 28. Nxd6 Qd7 29. Nf5 1-0


[Site "https://www.chess.com"]

[Event "Titled Tuesday Blitz November 07 Early 2023"]
[White "Kazakouski, Valery"]
[Black "Ovetchkin, Roman"]
[WhiteFideId "13507443"]
[BlackFideId "4119991"]
[WhiteElo "2879"]
[BlackElo "2684"]
[Result "1-0"]
[Round "3"]
[TimeControl "180+1"]
[Date "2023.11.07"]
[WhiteClock "0:00:02"]
[BlackClock "0:00:02"]
[Board "29"]

1. Nf3 Nf6 2. c4 g6 3. g3 Bg7 4. Bg2 O-O 5. O-O d6 6. d4 c6 7. Nc3 Bf5 8. Ng5 Be6 9. Nxe6 fxe6 10. e4 Na6 11. Qe2 Nd7 12. Be3 e5 13. d5 c5 14. h4 Nf6 15. Bh3 Nc7 16. a3 Qe8 17. b4 b6 18. Rfb1 Nh5 19. bxc5 dxc5 20. a4 Na6 21. Nb5 Rf6 22. a5 Qd8 23. axb6 axb6 24. Bg5 Nb4 25. Bxf6 Nxf6 26. Be6+ Kh8 27. Rxa8 Qxa8 28. d6 exd6 29. Nxd6 h6 30. Nf7+ Kh7 31. Nxe5 Qe8 32. Nd3 Qxe6 33. Nxb4 cxb4 34. Rxb4 Bf8 35. Rb2 Bc5 36. Ra2 Nxe4 37. Kg2 Qe7 38. f3 1-0


[Site "https://www.chess.com"]

[Event "Titled Tuesday Blitz November 07 Early 2023"]
[White "Mamedov, Edgar"]
[Black "Taher, Yoseph Theolifus"]
[WhiteFideId "13739980"]
[BlackFideId "7105347"]
[WhiteElo "2681"]
[BlackElo "2875"]
[Result "0-1"]
[Round "3"]
[TimeControl "180+1"]
[Date "2023.11.07"]
[WhiteClock "0:00:00"]
[BlackClock "0:00:27"]
[Board "30"]

1. d4 Nf6 2. Nf3 c5 3. c4 cxd4 4. Nxd4 Nc6 5. Nc3 g6 6. e4 Bg7 7. Be3 d6 8. Be2 O-O 9. O-O Bd7 10. Nxc6 Bxc6 11. f3 a5 12. Qd2 a4 13. a3 Qa5 14. Rfd1 Rfc8 15. Rac1 Nd7 16. Nd5 Qxd2 17. Rxd2 Bxd5 18. exd5 Nc5 19. Bd1 Nd7 20. f4 b5 21. Rdc2 bxc4 22. Rxc4 Rxc4 23. Rxc4 Bxb2 24. Rxa4 Rxa4 25. Bxa4 Nf6 26. Bc6 Bxa3 27. Kf1 Ng4 28. Bg1 Bc5 29. h3 Nf6 30. Bh2 h5 31. Bg3 Ne4 32. Be1 f5 33. Ke2 Kg7 34. Bd7 Bd4 35. Be6 Bc3 36. Bh4 Bf6 37. Be1 Nc5 38. Bc8 Kf7 39. g4 e6 40. gxh5 gxh5 41. Kf3 Ke7 42. Bf2 exd5 43. Bxf5 d4 44. Bg6 h4 45. Kg4 Ke6 46. Bxh4 Bh8 47. f5+ Ke5 48. Bg3+ Kd5 49. h4 d3 50. Be1 Ne4 51. f6 Bxf6 52. Kf3 Nc5 53. Bf2 Bd4 54. Bxd4 Kxd4 55. h5 Nd7 56. Kf2 Nf6 57. Ke1 Ke3 58. Kd1 Ng4 59. Kc1 d2+ 60. Kc2 Nf2 61. Kc3 d1=Q 62. h6 Qd4+ 0-1


[Site "https://www.chess.com"]

[Event "Titled Tuesday Blitz November 07 Early 2023"]
[White "Mgeladze, Tamaz"]
[Black "Henriquez Villagra, Cristobal"]
[WhiteFideId "13601202"]
[BlackFideId "3409350"]
[WhiteElo "2675"]
[BlackElo "2870"]
[Result "0-1"]
[Round "3"]
[TimeControl "180+1"]
[Date "2023.11.07"]
[WhiteClock "0:00:02"]
[BlackClock "0:00:54"]
[Board "31"]

1. c4 g6 2. Nc3 Bg7 3. g3 e6 4. Bg2 Ne7 5. Nf3 d5 6. d3 d4 7. Ne4 Nd7 8. e3 dxe3 9. Bxe3 Bxb2 10. Rb1 Bg7 11. O-O O-O 12. d4 h6 13. Qd2 Nf5 14. d5 exd5 15. cxd5 Nxe3 16. Qxe3 Re8 17. Qd3 Nb6 18. Rbd1 Bf5 19. Rfe1 Qxd5 20. Qxd5 Nxd5 21. Rxd5 Bxe4 22. Rd7 Rac8 23. Nd2 Bxg2 24. Rxe8+ Rxe8 25. Kxg2 Rc8 26. Nc4 b6 27. Kf3 Kf8 28. Ke4 Ke8 29. Rd2 Ke7 30. Re2 c6 31. g4 b5 32. Na5 Kd6 33. Rd2+ Kc7 34. Nb3 Re8+ 35. Kf4 Bf8 36. h4 c5 37. h5 Bd6+ 38. Kf3 g5 39. Rc2 Re5 40. Nd4 c4 41. a4 a6 42. axb5 axb5 43. Nf5 Re6 44. Ng7 Rf6+ 45. Ke4 Kc6 46. Nf5 Kc5 47. Rd2 Re6+ 48. Kf3 Bf4 49. Rd8 Rc6 50. Ne7 Rd6 51. Rc8+ Kb4 52. Nf5 Rb6 53. Ke4 Kc3 54. Kd5 b4 55. Rxc4+ Kd3 56. Rd4+ Ke2 57. Nd6 Rxd6+ 58. Ke4 Rxd4+ 59. Kf5 b3 60. f3 b2 61. Kf6 b1=Q 62. Kg7 f5 63. Kg8 Qb7 0-1


[Site "https://www.chess.com"]

[Event "Titled Tuesday Blitz November 07 Early 2023"]
[White "Goldin, Alexander"]
[Black "Subelj, Jan"]
[WhiteFideId "2019540"]
[BlackFideId "14618583"]
[WhiteElo "2675"]
[BlackElo "2867"]
[Result "0-1"]
[Round "3"]
[TimeControl "180+1"]
[Date "2023.11.07"]
[WhiteClock "0:00:08"]
[BlackClock "0:00:16"]
[Board "32"]

1. d4 Nc6 2. Nf3 e6 3. c4 Bb4+ 4. Bd2 Qe7 5. g3 Nf6 6. Nc3 Bxc3 7. Bxc3 Ne4 8. Rc1 O-O 9. Bg2 d6 10. d5 Nxc3 11. Rxc3 Nb8 12. dxe6 fxe6 13. O-O e5 14. c5 Be6 15. cxd6 cxd6 16. b4 Nd7 17. Rc7 Rab8 18. Qa4 a6 19. Rfc1 Qf6 20. Rxd7 b5 21. Rxg7+ Kxg7 22. Qxa6 e4 23. Qa7+ Kh8 24. Nh4 Ra8 25. Qe3 d5 26. Rc6 Rxa2 27. h3 Rc8 28. Qc5 Rxc6 29. Qxc6 Ra1+ 30. Kh2 Kg7 31. Qc7+ Bf7 32. f4 Re1 33. g4 Qxh4 34. g5 Qf2 35. Qe5+ Kf8 36. Qd6+ Ke8 37. Qb8+ Kd7 38. Qb7+ Kd6 39. Qb6+ Qxb6 0-1


[Site "https://www.chess.com"]

[Event "Titled Tuesday Blitz November 07 Early 2023"]
[White "Degenbaev, Aziz"]
[Black "Klukin, Kirill"]
[WhiteFideId "13802640"]
[BlackFideId "24199273"]
[WhiteElo "2673"]
[BlackElo "2850"]
[Result "0-1"]
[Round "3"]
[TimeControl "180+1"]
[Date "2023.11.07"]
[WhiteClock "0:00:35"]
[BlackClock "0:00:25"]
[Board "33"]

1. e4 c5 2. Nf3 g6 3. c4 Bg7 4. d4 cxd4 5. Nxd4 Nc6 6. Be3 Nf6 7. Nc3 O-O 8. Be2 d6 9. O-O Bd7 10. f3 Nxd4 11. Bxd4 a5 12. Qd2 Bc6 13. Bf2 Nd7 14. Rac1 a4 15. Rfd1 a3 16. b4 b6 17. Nd5 Bb2 18. Rb1 Ba4 19. Rf1 Rc8 20. Bd4 Bxd4+ 21. Qxd4 Bc6 22. Rb3 Ra8 23. Qe3 e6 24. Nc3 Qf6 25. Rd1 d5 26. cxd5 exd5 27. Nxd5 Bxd5 28. Rxd5 Rfd8 29. Rxa3 Rxa3 30. Qxa3 Ne5 31. Rxd8+ Qxd8 32. Qd3 Nxd3 0-1


[Site "https://www.chess.com"]

[Event "Titled Tuesday Blitz November 07 Early 2023"]
[White "Sychev, Klementy"]
[Black "Chinguun, Sumiya"]
[WhiteFideId "4114060"]
[BlackFideId "4902572"]
[WhiteElo "2849"]
[BlackElo "2670"]
[Result "0-1"]
[Round "3"]
[TimeControl "180+1"]
[Date "2023.11.07"]
[WhiteClock "0:00:00"]
[BlackClock "0:01:22"]
[Board "34"]

1. e4 c5 2. Nf3 g6 3. d4 cxd4 4. Nxd4 Nc6 5. Nc3 Bg7 6. Be3 Nf6 7. Nxc6 dxc6 8. Qxd8+ Kxd8 9. Bc4 Ke8 10. a4 Ng4 11. Bf4 e5 12. Bd2 Be6 13. Bxe6 fxe6 14. a5 Bh6 15. Bxh6 Nxh6 16. Ke2 Ke7 17. Na4 Nf7 18. f3 Rhd8 19. Nc5 b6 20. Nd3 c5 21. Ra3 Kf6 22. axb6 axb6 23. Rha1 Rxa3 24. Rxa3 Nd6 25. Ra7 Nb5 26. Rxh7 Nd4+ 27. Kd2 c4 28. Nf2 Nxf3+ 29. Ke3 Ne1 30. h4 g5 31. h5 g4 32. Nxg4+ Kg5 33. Nxe5 Nxc2+ 34. Ke2 Nd4+ 35. Kf2 Kf4 36. Ng6+ Kxe4 37. h6 Nf5 38. g4 Rd2+ 39. Ke1 Rxb2 40. gxf5 Kxf5 41. Nh4+ Kg5 42. Rg7+ Kxh6 43. Re7 Kg5 44. Nf3+ Kf6 45. Rc7 b5 46. Kd1 e5 47. Rc6+ Kf5 48. Rc5 Ke4 49. Ng5+ Kd3 50. Rd5+ Kc3 51. Ne4+ Kb4 52. Rxe5 Rb3 53. Nd6 Rd3+ 54. Kc2 Rxd6 0-1


[Site "https://www.chess.com"]

[Event "Titled Tuesday Blitz November 07 Early 2023"]
[White "amanmuhammethommadov"]
[Black "Beerdsen, Thomas"]
[BlackFideId "1030108"]
[WhiteElo "2665"]
[BlackElo "2848"]
[Result "1-0"]
[Round "3"]
[TimeControl "180+1"]
[Date "2023.11.07"]
[WhiteClock "0:00:22"]
[BlackClock "0:00:04"]
[Board "35"]

1. e4 e5 2. Nf3 Nc6 3. Bb5 f5 4. d3 fxe4 5. dxe4 Nf6 6. O-O d6 7. Nc3 Be7 8. Bc4 Na5 9. Be2 Nc6 10. Bc4 Bg4 11. Qd3 Qd7 12. Nd5 Bxf3 13. Qxf3 Nd4 14. Qd3 c6 15. Nxf6+ Bxf6 16. c3 Ne6 17. Be3 b5 18. Bb3 O-O 19. Rad1 Be7 20. Qe2 Kh8 21. Qg4 Nc5 22. Qxd7 Nxd7 23. Rd2 a5 24. a4 Rfb8 25. axb5 cxb5 26. Rfd1 a4 27. Be6 Nf6 28. f3 b4 29. cxb4 Rxb4 30. Ra1 g6 31. Rc2 Bd8 32. Kf1 Kg7 33. Ke2 Rab8 34. Ra2 Ne8 35. Bd2 R4b6 36. Rxa4 Rxb2 37. Rxb2 Rxb2 38. Kd3 Bb6 39. g4 Nc7 40. Bc4 Bd4 41. g5 Bc5 42. Ra1 Ne8 43. Ra8 Nc7 44. Rg8# 1-0


[Site "https://www.chess.com"]

[Event "Titled Tuesday Blitz November 07 Early 2023"]
[White "Tarigan, Gilbert Elroy"]
[Black "Kleiman, Jake"]
[WhiteFideId "7108133"]
[BlackFideId "2020041"]
[WhiteElo "2842"]
[BlackElo "2665"]
[Result "1-0"]
[Round "3"]
[TimeControl "180+1"]
[Date "2023.11.07"]
[WhiteClock "0:00:04"]
[BlackClock "0:00:06"]
[Board "36"]

1. d4 Nf6 2. Nf3 e6 3. c4 Bb4+ 4. Bd2 Bxd2+ 5. Qxd2 O-O 6. Nc3 d5 7. e3 Qe7 8. Rc1 Rd8 9. cxd5 exd5 10. Bd3 Nc6 11. a3 Ne4 12. Qc2 Bf5 13. O-O Rd6 14. Ne2 Re8 15. Ng3 Bg6 16. b4 a6 17. Rfd1 h5 18. Ne2 h4 19. Nf4 Bh7 20. Ne5 Nxe5 21. dxe5 Qxe5 22. Bxe4 dxe4 23. Rxd6 cxd6 24. h3 Bf5 25. Qd2 g5 26. Ne2 d5 27. Nd4 Bd7 28. Qd1 Kg7 29. Rc5 Kg6 30. Qc1 g4 31. Rc7 Re7 32. Ne2 gxh3 33. Nf4+ Kg7 34. gxh3 Qg5+ 35. Kh2 Bf5 36. Qc3+ Kh7 37. Rxe7 Qxe7 38. Nxd5 Qd6+ 39. Nf4 Bg6 40. Qe1 Qe5 41. Qd2 Kg7 42. Qd8 Qf6 43. Qd2 Qe5 44. Kg1 Qf6 45. Qd5 Qe7 46. Qd4+ Qf6 47. Qd5 Qe7 48. Kg2 Qf6 49. Qxb7 Bf5 50. Qd5 Qg5+ 51. Kh2 Qf6 52. Nh5+ Kg6 53. Nxf6 Kxf6 54. Qd6+ 1-0


[Site "https://www.chess.com"]

[Event "Titled Tuesday Blitz November 07 Early 2023"]
[White "Skvortsov, Andrei"]
[Black "mind1mover"]
[WhiteFideId "24108600"]
[WhiteElo "2651"]
[BlackElo "2840"]
[Result "1-0"]
[Round "3"]
[TimeControl "180+1"]
[Date "2023.11.07"]
[WhiteClock "0:00:48"]
[BlackClock "0:00:12"]
[Board "37"]

1. e4 Nc6 2. Nc3 Nf6 3. Nf3 d6 4. h3 g6 5. d4 a6 6. g4 b5 7. a3 Bb7 8. Bg2 e5 9. dxe5 Nxe5 10. Nxe5 dxe5 11. Qxd8+ Rxd8 12. Bg5 Be7 13. Be3 O-O 14. O-O Nd7 15. Nd5 Bxd5 16. exd5 Bc5 17. Bh6 Rfe8 18. b4 Bd4 19. c3 Bxc3 20. Rac1 Bb2 21. Rxc7 Bxa3 22. Rb1 Nb6 23. Rb3 Nc4 24. Rxc4 bxc4 25. Rxa3 Rd6 26. Be3 e4 27. Ra5 c3 28. Rc5 c2 29. g5 Re5 30. Rc8+ Kg7 31. Bd4 Rxd5 32. Bxe5+ Rxe5 33. h4 Rb5 34. Rxc2 Rxb4 35. Kh2 a5 36. Kg3 a4 37. Ra2 h6 38. gxh6+ Kxh6 39. Bf1 f5 40. Be2 g5 41. Bd1 gxh4+ 42. Kxh4 Kg6 43. Kg3 Kg5 44. Rxa4 Rb1 45. Rd4 Rc1 46. Kg2 Kf4 47. Kf1 Ra1 48. Ke1 Ke5 49. Rd8 Ra7 50. Bh5 Rg7 51. Rf8 Rg5 52. Be8 Rg7 53. Bb5 f4 54. Bc6 Kd4 55. Rxf4 Ke5 56. Rxe4+ Kf5 57. Re3 Rc7 58. Bf3 Kf4 59. Kf1 Rc1+ 60. Kg2 Rc7 61. Re4+ Kf5 62. Ra4 Rg7+ 63. Kf1 Rc7 64. Be2 Ke5 65. Bd3 Rc3 66. Ke2 Rc7 67. Ke3 Re7 68. Re4+ Kf6 69. Rxe7 Kxe7 70. Kf4 Kf6 71. Bf1 Ke6 72. Kg5 Kf7 73. Kf5 Kg7 74. f4 Kf7 75. Ke5 Ke7 76. f5 Kf7 77. f6 Kf8 78. Ke6 Ke8 79. f7+ Kf8 80. Be2 Kg7 81. Ke7 Kg6 82. f8=Q Kg5 83. Qf3 Kh6 84. Qg4 Kh7 85. Kf6 Kh6 86. Qg6# 1-0


[Site "https://www.chess.com"]

[Event "Titled Tuesday Blitz November 07 Early 2023"]
[White "Mikhailovsky, Vladimir"]
[Black "Matinian, Nikita"]
[WhiteFideId "34105414"]
[BlackFideId "24129100"]
[WhiteElo "2840"]
[BlackElo "2646"]
[Result "0-1"]
[Round "3"]
[TimeControl "180+1"]
[Date "2023.11.07"]
[WhiteClock "0:00:03"]
[BlackClock "0:00:37"]
[Board "38"]

1. e4 c5 2. Nf3 e6 3. g3 Nc6 4. Bg2 Nf6 5. d3 d5 6. Qe2 Be7 7. O-O b5 8. e5 Nd7 9. c4 bxc4 10. dxc4 d4 11. h4 Bb7 12. Bf4 h6 13. h5 Qc7 14. Nbd2 O-O-O 15. a3 g5 16. hxg6 fxg6 17. g4 h5 18. g5 h4 19. b4 h3 20. Bh1 h2+ 21. Bxh2 Rh7 22. Bg2 Rdh8 23. b5 Ncxe5 24. Bg3 Nxf3+ 25. Nxf3 Bd6 26. Bxd6 Qxd6 27. Rfe1 Rh2 28. Qd3 Rxg2+ 29. Kxg2 Qf4 30. Rh1 Qg4+ 31. Kf1 Rxh1+ 32. Ke2 Qxf3+ 33. Qxf3 Bxf3+ 34. Kxf3 Rxa1 0-1


[Site "https://www.chess.com"]

[Event "Titled Tuesday Blitz November 07 Early 2023"]
[White "Souleidis, Georgios"]
[Black "Yanchenko, Roman"]
[WhiteFideId "4206827"]
[BlackFideId "4137329"]
[WhiteElo "2619"]
[BlackElo "2838"]
[Result "0-1"]
[Round "3"]
[TimeControl "180+1"]
[Date "2023.11.07"]
[WhiteClock "0:00:00"]
[BlackClock "0:00:29"]
[Board "39"]

1. e4 e6 2. d4 d5 3. Nc3 Bb4 4. Ne2 Nf6 5. e5 Ne4 6. a3 Nxc3 7. Nxc3 Bxc3+ 8. bxc3 b6 9. Qg4 Kf8 10. f4 h5 11. Qf3 g6 12. a4 Ba6 13. Ba3+ Kg7 14. Bd3 Bxd3 15. cxd3 Qh4+ 16. g3 Qg4 17. Kf2 Qxf3+ 18. Kxf3 Nd7 19. a5 c5 20. Rhb1 cxd4 21. cxd4 Rhc8 22. Rb2 Rc3 23. Ke3 Rc6 24. Bd6 a6 25. axb6 Rxb6 26. Rxb6 Nxb6 27. Rb1 Nc8 28. Bc5 Na7 29. Rb7 Nb5 30. Kd2 h4 31. g4 h3 32. f5 gxf5 33. gxf5 Re8 34. f6+ Kg6 35. Rb6 Rg8 36. Rxa6 Kf5 37. Ra5 Rg2+ 38. Ke3 Nc3 39. Ra7 Kg4 0-1


[Site "https://www.chess.com"]

[Event "Titled Tuesday Blitz November 07 Early 2023"]
[White "aghasiyevkamal"]
[Black "Pendos666"]
[WhiteElo "2618"]
[BlackElo "2835"]
[Result "0-1"]
[Round "3"]
[TimeControl "180+1"]
[Date "2023.11.07"]
[WhiteClock "0:00:00"]
[BlackClock "0:00:25"]
[Board "40"]

1. d4 Nf6 2. c4 c5 3. d5 b5 4. Qc2 e6 5. e4 bxc4 6. Nc3 exd5 7. exd5 d6 8. Bxc4 Be7 9. Nge2 O-O 10. O-O Nbd7 11. b3 Nb6 12. Bb2 Nxc4 13. bxc4 Re8 14. a4 Bf8 15. Ng3 Rb8 16. Nd1 g6 17. Ne3 Bg7 18. Bc3 h5 19. Rab1 Rxb1 20. Rxb1 h4 21. Ngf1 h3 22. g3 Qe7 23. Nd2 Ng4 24. Nxg4 Bxg4 25. Bxg7 Bf5 26. Qb2 Bxb1 27. Bh6 f6 28. Be3 Bf5 29. a5 g5 30. a6 Bc8 31. Qc3 Bxa6 32. Qd3 Kg7 33. Qf5 Bc8 34. Qc2 Bd7 35. Qc3 Kg6 36. Qc2+ Bf5 37. Qa4 Rb8 0-1


[Site "https://www.chess.com"]

[Event "Titled Tuesday Blitz November 07 Early 2023"]
[White "Kononenko, Dmitry"]
[Black "Nyzhnyk, Illya"]
[WhiteFideId "14113538"]
[BlackFideId "14118084"]
[WhiteElo "2602"]
[BlackElo "2828"]
[Result "0-1"]
[Round "3"]
[TimeControl "180+1"]
[Date "2023.11.07"]
[WhiteClock "0:00:13"]
[BlackClock "0:00:42"]
[Board "41"]

1. d4 Nf6 2. c4 g6 3. Nc3 Bg7 4. Nf3 O-O 5. g3 d6 6. Bg2 c6 7. O-O Bf5 8. Nd2 e5 9. d5 c5 10. e4 Bd7 11. f4 Re8 12. fxe5 Rxe5 13. Nf3 Bg4 14. Qc2 Bxf3 15. Bxf3 a6 16. Bf4 Nbd7 17. Bxe5 Nxe5 18. b3 Bh6 19. Rae1 Qd7 20. Bg2 Kg7 21. h3 b5 22. Ne2 b4 23. Nf4 Qe7 24. Kh1 Nfd7 25. Rf2 Bg5 26. Ref1 h5 27. h4 Bf6 28. Bh3 Ng4 29. Bxg4 hxg4 30. Qe2 Bd4 31. Rh2 Nf6 32. h5 Qxe4+ 33. Qxe4 Nxe4 34. Kg2 g5 35. Nd3 f6 36. Re1 f5 37. Rf1 Kf6 38. h6 Rh8 39. h7 Kg6 40. Rfh1 Bg7 41. Rf1 Bc3 42. Nf2 Nf6 43. Nd1 Be5 44. Ne3 f4 45. Nd1 Rxh7 46. Rxh7 Kxh7 47. Nf2 f3+ 48. Kh2 Kg6 49. Rg1 Kf5 50. Re1 Nh5 51. Rg1 Bd4 52. Rf1 Bxf2 53. Rxf2 Nf6 54. a3 Ke4 55. axb4 cxb4 56. Ra2 Ke3 57. Rxa6 Ne4 58. Ra1 Ke2 59. Ra2+ Nd2 60. c5 f2 61. Ra1 Nf3+ 62. Kg2 Ne1+ 63. Kh2 f1=Q 64. Ra2+ Kd3 65. c6 Nf3# 0-1


[Site "https://www.chess.com"]

[Event "Titled Tuesday Blitz November 07 Early 2023"]
[White "Bacrot, Etienne"]
[Black "Sturt, Raven"]
[WhiteFideId "605506"]
[BlackFideId "2007304"]
[WhiteElo "2828"]
[BlackElo "2596"]
[Result "1-0"]
[Round "3"]
[TimeControl "180+1"]
[Date "2023.11.07"]
[WhiteClock "0:01:51"]
[BlackClock "0:00:00"]
[Board "42"]

1. e4 e5 2. Nf3 Nc6 3. Bb5 f5 4. d3 fxe4 5. dxe4 Nf6 6. Qd3 Bb4+ 7. c3 Bc5 8. O-O d6 9. b4 Bb6 10. Bg5 h6 11. Bh4 g5 12. Bg3 h5 13. Nxg5 h4 14. Bxe5 Rg8 15. Bf4 1-0


[Site "https://www.chess.com"]

[Event "Titled Tuesday Blitz November 07 Early 2023"]
[White "Zakhartsov, Vladimir"]
[Black "Gavrilov, Maxim"]
[WhiteFideId "4145097"]
[BlackFideId "24271454"]
[WhiteElo "2824"]
[BlackElo "2550"]
[Result "1-0"]
[Round "3"]
[TimeControl "180+1"]
[Date "2023.11.07"]
[WhiteClock "0:00:26"]
[BlackClock "0:00:00"]
[Board "43"]

1. d4 d5 2. c4 c6 3. Nf3 Nf6 4. Nbd2 e6 5. g3 Nbd7 6. Bg2 b6 7. O-O Bb7 8. Qc2 Be7 9. e4 dxe4 10. Nxe4 c5 11. Nxf6+ Nxf6 12. Qa4+ Qd7 13. Qxd7+ Nxd7 14. Re1 cxd4 15. Nxd4 Bxg2 16. Kxg2 Rc8 17. b3 Nc5 18. Rd1 Bf6 19. Bb2 Ke7 20. Rab1 Rhd8 21. Ba1 a6 22. Kf3 h5 23. Ke3 Nd7 24. Rd2 Ne5 25. h3 h4 26. f4 hxg3 27. fxe5 Bg5+ 28. Ke2 Bxd2 29. Kxd2 Rh8 30. Rg1 Rxh3 31. Ne2 Rd8+ 32. Ke1 g2 33. Bd4 Rd3 34. Bxb6 Rd1+ 35. Kf2 Rxg1 36. Bxd8+ Kxd8 37. Nxg1 f6 38. Kxg2 fxe5 39. Kf3 Kd7 40. Ke4 Kd6 41. Nf3 Kc5 42. a3 1-0


[Site "https://www.chess.com"]

[Event "Titled Tuesday Blitz November 07 Early 2023"]
[White "Materia, Marco"]
[Black "Karimov, Alisher"]
[WhiteFideId "45150451"]
[BlackFideId "14700280"]
[WhiteElo "2818"]
[BlackElo "2547"]
[Result "1-0"]
[Round "3"]
[TimeControl "180+1"]
[Date "2023.11.07"]
[WhiteClock "0:02:01"]
[BlackClock "0:01:29"]
[Board "44"]

1. Nf3 Nf6 2. c4 c5 3. Nc3 d5 4. cxd5 Nxd5 5. g3 Nxc3 6. bxc3 g6 7. Bg2 Bg7 8. O-O O-O 9. d4 Nc6 10. e3 Rb8 11. Bb2 b6 12. Qe2 Qc7 13. Rfd1 Na5 14. Rac1 Be6 15. d5 Bg4 16. c4 Bxf3 17. Bxf3 a6 18. e4 b5 19. Bxg7 Kxg7 20. cxb5 axb5 21. e5 c4 22. d6 exd6 23. exd6 Qb6 24. d7 b4 25. Qe5+ Kg8 26. Rd6 Qc7 27. Rxg6+ 1-0


[Site "https://www.chess.com"]

[Event "Titled Tuesday Blitz November 07 Early 2023"]
[White "Kalogeris, Ioannis"]
[Black "BardArtem"]
[WhiteFideId "4239563"]
[WhiteElo "2540"]
[BlackElo "2816"]
[Result "0-1"]
[Round "3"]
[TimeControl "180+1"]
[Date "2023.11.07"]
[WhiteClock "0:00:00"]
[BlackClock "0:00:41"]
[Board "45"]

1. e4 e5 2. Nf3 Nc6 3. Bb5 Nge7 4. d3 Ng6 5. h4 Be7 6. h5 Nh4 7. Nxh4 Bxh4 8. g3 Bf6 9. h6 g6 10. c3 d5 11. Nd2 O-O 12. Qf3 Be6 13. Nb3 Be7 14. Be3 f5 15. exd5 Qxd5 16. Qxd5 Bxd5 17. Bc4 Bxc4 18. dxc4 f4 19. gxf4 exf4 20. Bc5 Bxc5 21. Nxc5 Rfe8+ 22. Kf1 Rad8 23. Re1 Rxe1+ 24. Kxe1 b6 25. Na6 Ne5 26. b3 Rd7 27. Ke2 Kf7 28. Re1 c5 29. Kf1 Nf3 30. Re2 g5 31. Kg2 g4 32. Re4 Nh4+ 33. Kh2 Ng6 34. Nb8 Rd2 35. Kg1 Kf6 36. Nc6 Kf5 37. Re8 g3 38. fxg3 fxg3 39. Rg8 Kg4 40. Rg7 Kh3 41. Kf1 g2+ 42. Ke1 Rxa2 43. Rxg6 hxg6 0-1


[Site "https://www.chess.com"]

[Event "Titled Tuesday Blitz November 07 Early 2023"]
[White "Lobanov, Sergei"]
[Black "Silva Lucena, Cristian"]
[WhiteFideId "24183750"]
[BlackFideId "2232588"]
[WhiteElo "2816"]
[BlackElo "2536"]
[Result "1-0"]
[Round "3"]
[TimeControl "180+1"]
[Date "2023.11.07"]
[WhiteClock "0:02:31"]
[BlackClock "0:02:04"]
[Board "46"]

1. d4 d5 2. c4 dxc4 3. Nf3 Nf6 4. e3 e6 5. Bxc4 a6 6. O-O c5 7. Re1 Nc6 8. Bd3 cxd4 9. exd4 Be7 10. Nc3 O-O 11. Bg5 h6 12. Bh4 Nb4 13. Bb1 Nfd5 14. Bg3 Bf6 15. Ne5 Nc6 16. Qd3 g6 17. Nxg6 fxg6 18. Qxg6+ Bg7 19. Qh7+ Kf7 20. Bg6+ 1-0


[Site "https://www.chess.com"]

[Event "Titled Tuesday Blitz November 07 Early 2023"]
[White "Suyarov, Mukhammadzokhid"]
[Black "Slade, Theodore"]
[WhiteFideId "14210495"]
[BlackFideId "426547"]
[WhiteElo "2812"]
[BlackElo "2534"]
[Result "1-0"]
[Round "3"]
[TimeControl "180+1"]
[Date "2023.11.07"]
[WhiteClock "0:01:08"]
[BlackClock "0:00:12"]
[Board "47"]

1. d4 d5 2. Nc3 Nf6 3. Bf4 e6 4. Nb5 Na6 5. e3 Be7 6. Nf3 O-O 7. Be2 Bd7 8. O-O c6 9. Nc3 c5 10. Ne5 Nb4 11. Bf3 Rc8 12. Re1 cxd4 13. exd4 Nc6 14. Ne2 Nxe5 15. dxe5 Ne8 16. c3 Qb6 17. Qd2 Bc5 18. Nd4 Nc7 19. a4 Bxd4 20. cxd4 Na6 21. Bg5 Rfe8 22. Rac1 Bxa4 23. h4 Qb4 24. Qf4 Qxb2 25. h5 Rxc1 26. Rxc1 h6 27. Bf6 gxf6 28. exf6 Kh7 29. Re1 Bc2 30. Bxd5 Nb4 31. Be4+ Bxe4 32. Qxe4+ Kh8 33. Qxb7 Qd2 34. Rb1 Nd3 35. Rf1 Rf8 36. Qxa7 Nf4 37. Qe7 Kg8 38. Ra1 Ne2+ 39. Kh1 Qxd4 40. Qxf8+ Kxf8 41. Ra8+ Qd8 42. Rxd8# 1-0


[Site "https://www.chess.com"]

[Event "Titled Tuesday Blitz November 07 Early 2023"]
[White "Fernandez, Daniel"]
[Black "Bettalli, Francesco"]
[WhiteFideId "2015390"]
[BlackFideId "2816453"]
[WhiteElo "2808"]
[BlackElo "2525"]
[Result "1-0"]
[Round "3"]
[TimeControl "180+1"]
[Date "2023.11.07"]
[WhiteClock "0:00:21"]
[BlackClock "0:00:21"]
[Board "48"]

1. e4 e5 2. Nf3 Nf6 3. d4 Nxe4 4. dxe5 d5 5. Nbd2 Nxd2 6. Bxd2 Bc5 7. Bd3 Bg4 8. h3 Bh5 9. O-O Nc6 10. Re1 Qe7 11. c3 O-O-O 12. b4 Bb6 13. a4 a5 14. Bb5 d4 15. bxa5 Bxa5 16. Bxc6 dxc3 17. Bxb7+ Kxb7 18. Qb1+ Kc8 19. Bg5 Qc5 20. Qf5+ Kb7 21. Rab1+ Ka7 22. Rb5 Qxb5 23. axb5 Bg6 24. Be3+ Kb7 25. Qf4 Rd5 26. Qc4 Rhd8 27. Qc6+ Kb8 28. Qa6 Bb6 29. Bxb6 cxb6 30. Qxb6+ Kc8 31. Qc6+ Kb8 32. Qxc3 Rxb5 33. Rc1 Rb7 34. Nd4 Be4 35. Nc6+ Bxc6 36. Qxc6 1-0


[Site "https://www.chess.com"]